cohdb
Replays
Latest Replays
All Replays
Popular Replays
Top Player Replays
Match Explorer
How It Works
Community
CoH3 Stats
Reddit
Sign in to upload your games and track your stats! →
Sign in with Steam
1v1 whizzbang ssf vs assgren p4
Match 14984511
Overview
Messages
Build Orders
End
Construct Barracks
Selects Special Operations Battlegroup
Selects M29 Weasel Recon Vehicle
M29 Weasel Recon Vehicle
Riflemen Squad
Riflemen Squad
Riflemen Squad
Grenade Package
Infantry Support Center
Construct Medical Station
Construct Motor Pool
Demolitions Package
M8 Greyhound Armored Car
Selects Raiding Flares
Selects SSF Commando Squad
Raiding Flares
SSF Commando Squad
M8 Greyhound Armored Car
Raiding Flares
Engineer Squad
Selects P-47 Strafing Runs
Advanced Logisitcs
M1918 Browning Automatic Rifles
M24 Chaffee Light Tank
P-47 Strafing Runs
Selects M4A1 Sherman Whizbang
M4A1 Sherman Whizbang
M24 Chaffee Light Tank
Munitions Surplus
M4A1 Sherman Whizbang
P-47 Strafing Runs
Selects Air Re-supply Operation
P-47 Strafing Runs
Construct Tank Depot
Raiding Flares
SSF Commando Squad
Riflemen Squad
P-47 Strafing Runs
M18 Hellcat Tank Destroyer
M18 Hellcat Tank Destroyer
Raiding Flares
M8 Greyhound Armored Car
Raiding Flares
M4A1 Sherman Medium Tank
Raiding Flares
Fortune
國籍暫時是日本的DD響
0
0
Comments
sign in to comment!
No comments posted yet!